AoeStats
← ecerva.27

African Clearing

510326882Analyzed
2v2 RM · 2d ago on Sep 30, 2026· 43m 54s· 4 players
Game mode
Random Map
Map size
Medium (4 player)
Population
200
Speed
Normal
Resources
Standard
Victory
Conquest
Starting age
Dark Age
Ending age
Imperial Age
RankedLock teamsTeams togetherTeam positionsShared explorationLock speedFull tech treeHidden civsTurbo modeCheats
Victory
Defeat
🇹🇷 Burgundians · Türkiye
1261
+16
🇫🇷 Wei · France
1212
+18
🇪🇸 Spanish · Spain
1272
-17
🇲🇽 Goths · Mexico
1266
-17
1453sultan
4:01 Loom
10:59 Wheelbarrow
12:54 Feudal Age
14:20 Man-at-Arms
20:35 Castle Age
20:10 Scale Barding Armor
22:01 Husbandry
32:27 Fletching
32:37 Padded Archer Armor
38:37 Imperial Age
37:32 Double-Bit Axe
40:34 Ballistics
40:11 Bodkin Arrow
40:22 Elite Skirmisher
42:01 Hand Cart
41:31 Town Watch
42:52 Leather Archer Armor
42:37 Bracer
Hamidouche
9:38 Loom
12:09 Feudal Age
12:54 Double-Bit Axe
19:34 Castle Age
19:22 Fletching
23:17 Horse Collar
29:11 Bow Saw
29:26 Fletching
30:17 Bodkin Arrow
31:17 Bloodlines
31:08 Husbandry
36:20 Coinage
40:49 Imperial Age
40:15 Ballistics
40:01 Thumb Ring
41:07 Heavy Hei Guang Cavalry
41:54 Scale Barding Armor
42:00 Forging
41:51 Bracer
42:54 Wheelbarrow
42:04 Town Watch
43:00 Padded Archer Armor
ElReyFifa69
11:25 Loom
13:43 Feudal Age
19:54 Castle Age
27:53 Gold Mining
40:03 Padded Archer Armor
ecerva.27
5:36 Loom
12:46 Feudal Age
17:23 Castle Age
16:02 Double-Bit Axe
16:40 Stone Mining
23:23 Pikeman
26:05 Squires
29:32 Forging
31:19 Scale Mail Armor
37:20 Chain Mail Armor
38:39 Anarchy
42:34 Horse Collar
Connection lost

Rejoining the realm…

Still unreachable

The connection could not be restored.

Session expired

The server has moved on; the page needs a fresh start.